 Dungeon Crawl Stone Soup version 0.32-a0-422-g28b100f618 (webtiles) character file.

Game seed: 1310943187670197203

7193 Dittersdorf the Fighter (level 11, -3/72 HPs)
             Began as a Gargoyle Fighter on Feb 21, 2024.
             Was an Initiate of Gozag.
             Slain by a two-headed ogre
             ... wielding a +0 giant spiked club
              (9 damage)
             ... on level 10 of the Dungeon.
             The game lasted 00:08:55 (7401 turns).

Dittersdorf the Fighter (Gargoyle Fighter)          Turns: 7401, Time: 00:08:56

Health: -3/72      AC: 28    Str: 24    XL:     11   Next: 11%
Magic:  11/11      EV:  8    Int: 15    God:    Gozag
Gold:   994        SH: 11    Dex: 12    Spells: 10/10 levels left

rFire   . . .        t - +3 flail (drain)
rCold   + . .        c - +0 buckler
rNeg    + . .        q - +4 chain mail of the Secret Friends {rC+ Dex+3}
rPois   ∞            p - +0 helmet
rElec   +            l - +2 cloak
rCorr   .            (no gloves)
SInv    .            (no boots)
Will    .....        u - amulet of reflection Stlth
                     r - +6 ring of intelligence
HPRegen 0.32/turn    (no ring)
MPRegen 0.12/turn

%: reflection
@: studying Long Blades
A: sickness immunity, AC +8, negative energy resistance 1, electricity
resistance, torment resistance 1, petrification resistance
a: Renounce Religion, Potion Petition, Call Merchant, Bribe Branch


You were on level 10 of the Dungeon.
You worshipped Gozag.
Gozag was pleased with you.
You visited 2 branches of the dungeon, and saw 11 of its levels.

You collected 1091 gold pieces.
You paid 97 gold pieces to Gozag.

Inventory:

Hand Weapons
 t - a +3 flail of draining (weapon)
Missiles
 h - 3 curare-tipped darts (quivered)
Armour
 c - a +0 buckler (worn)
 l - a +2 cloak (worn)
 p - a +0 helmet (worn)
 q - the +4 chain mail of the Secret Friends (worn) {rC+ Dex+3}
   (You found it on level 2 of the Dungeon)

   Dex+3:     It affects your dexterity (+3).
   rC+:       It protects you from cold.
Jewellery
 r - a +6 ring of intelligence (left hand)
 u - an amulet of reflection (around neck)
Wands
 a - a wand of digging (5)
 w - a wand of flame (14)
 A - a wand of iceblast (1)
 B - a wand of quicksilver (4)
Scrolls
 f - 2 scrolls of teleportation
 j - a scroll of enchant armour
 k - a scroll of brand weapon
 s - a scroll of fog
 v - a scroll of revelation
 x - 2 scrolls of blinking
 y - a scroll of enchant weapon
 C - a scroll of identify
Potions
 b - 4 potions of cancellation
 d - 2 potions of might
 e - a potion of invisibility
 g - 4 potions of heal wounds
 i - 3 potions of curing
 m - 2 potions of enlightenment
 n - a potion of brilliance {unknown}
 o - 3 potions of mutation
 z - 2 potions of magic {unknown}


   Skills:
 + Level 9.9 Fighting
 + Level 8.7 Maces & Flails
 + Level 9.8 Armour
 + Level 9.8 Shields


You had 10 spell levels left.
You didn't know any spells.
Your spell library was empty.

Dungeon Overview and Level Annotations

Branches:
Dungeon (10/15)            Temple (1/1) D:7            Lair (0/5) D:9
    Orc (0/2) D:9

Altars:
Ashenzari
Cheibriados
Dithmenos
Elyvilon
Fedhas
Gozag
Hepliaklqana
Kikubaaqudgha
Makhleb
Nemelex Xobeh
Okawaru
Qazlal
Ru
Trog
Uskayaw
Wu Jian
Xom
Yredelemnul
Zin
The Shining One

Shops:
D:8 =


Innate Abilities, Weirdness & Mutations

You are immune to sickness and miasma.
Your stone body is resilient. (AC +8)
You are immune to poison.
You resist negative energy. (rN+)
You are resistant to electric shocks. (rElec)
You are resistant to unholy torment.
You are immune to petrification.


Message History

You sock the two-headed ogre!
The two-headed ogre is moderately wounded.
You sock the two-headed ogre! You drain the two-headed ogre.
The two-headed ogre is heavily wounded.
The two-headed ogre hits you but does no damage.
You block the two-headed ogre's attack.
You closely miss the two-headed ogre.
The two-headed ogre is heavily wounded.
You sock the two-headed ogre! You drain the two-headed ogre.
The two-headed ogre is severely wounded.
The two-headed ogre hits you with a +0 giant spiked club!
The two-headed ogre hits you but does no damage.
You block the two-headed ogre's attack.
The two-headed ogre hits you with a +0 giant club!!
You are too injured to fight recklessly!
You are too injured to fight recklessly!
You are too injured to fight recklessly!
You are too injured to fight recklessly!
You are too injured to fight recklessly!
You are too injured to fight recklessly!
You are too injured to fight recklessly!
You are too injured to fight recklessly!
You are too injured to fight recklessly!
You are too injured to fight recklessly!
You are too injured to fight recklessly!
You are too injured to fight recklessly!
You are too injured to fight recklessly!
You are too injured to fight recklessly!
You are too injured to fight recklessly!
You are too injured to fight recklessly!
You are too injured to fight recklessly!
You sock the two-headed ogre!
The two-headed ogre is almost dead.
The two-headed ogre barely misses you. x2
The two-headed ogre attacks as it pursues you!
The two-headed ogre hits you with a +0 giant spiked club!!
* * * LOW HITPOINT WARNING * * *
The two-headed ogre hits you with a +0 giant club!
You die...
Your body crumbles into a pile of gold.

#.......... #......# ..
#.......... #.....## ...
#.......... #.....## .
...#..<.....######......#
...####'#........#...........#
#................#...........#
#......<.........#...........#
#.............O..'...........#
#..............O@######......#
#...............?# #......#
##+###+##........# .......#
#....$...# .......# #....$$$.+
####### #........# #........#
#........# #........#


You could see 2 two-headed ogres.

Vanquished Creatures
  2 two-headed ogres
  Maggie (D:6)
  A hornet (D:8)
  Prince Ribbit (D:5)
  2 shadows
  A warg (D:9)
  7 yaks
  Eustachio (D:5)
  Menkaure (D:6)
  An acid dragon (D:9)
  A water moccasin (D:7)
  2 orc warriors
  4 black bears
  3 sky beasts
  2 wolves (D:9)
  4 centaurs
  A phantom (D:5)
  Blork the orc (D:5)
  A kobold brigand (D:5)
  4 bullfrogs
  A scorpion (D:7)
  4 wights
  6 killer bees
  4 howler monkeys
  An electric eel (D:6)
  3 jellies
  6 hounds
  2 orc priests
  A sleepcap (D:4)
  Terence (D:2)
  3 iguanas
  7 orc wizards
  Robin (D:4)
  7 adders
  3 shadow imps
  3 white imps
  2 ufetubi (D:6)
  A dart slug (D:4)
  21 orcs
  2 ball pythons
  5 bats (D:1)
  4 endoplasms
  4 giant cockroaches
  15 goblins
  11 hobgoblins
  2 jackals (D:4)
  2 quokkas
  2 training dummies (D:7)
  4 frilled lizards
  8 kobolds
  5 rats
182 creatures vanquished.

Notes
Turn   | Place    | Note
-------+----------+-------------------------------------------
     0 | D:1      | Dittersdorf the Gargoyle Fighter began the quest for the
                  | Orb.
     0 | D:1      | Reached XP level 1. HP: 14/14 MP: 1/1
   105 | D:1      | Reached XP level 2. HP: 16/19 MP: 2/2
   156 | D:1      | Reached XP level 3. HP: 18/23 MP: 3/3
   840 | D:2      | Reached XP level 4. HP: 29/29 MP: 4/4
   853 | D:2      | Noticed Terence
   867 | D:2      | Killed Terence
  1336 | D:2      | Identified the +4 chain mail of the Secret Friends {rC+
                  | Dex+3}
  1578 | D:3      | Found a burning altar of Makhleb.
  1632 | D:3      | Found a sacrificial altar of Ru.
  1636 | D:3      | Reached XP level 5. HP: 33/33 MP: 5/5
  1692 | D:3      | Found a faded altar of an unknown god.
  1855 | D:3      | Found a broken altar of Ashenzari.
  1885 | D:3      | You fall into a shaft and drop 2 floors!
  1885 | D:5      | Entered Level 5 of the Dungeon
  1953 | D:5      | Noticed a sky beast
  1960 | D:4      | Noticed Robin
  2105 | D:3      | Found a shimmering altar of Xom.
  2109 | D:3      | Found a shimmering altar of Xom.
  2487 | D:4      | Killed Robin
  2519 | D:4      | Reached XP level 6. HP: 35/39 MP: 6/6
  2696 | D:4      | Noticed a black bear
  2705 | D:4      | Killed a black bear
  2809 | D:4      | Reached skill level 5 in Armour
  2979 | D:5      | Killed a sky beast
  2980 | D:5      | Reached skill level 5 in Fighting
  2980 | D:5      | Reached skill level 5 in Shields
  2980 | D:5      | Reached XP level 7. HP: 44/44 MP: 7/7
  2989 | D:5      | Noticed Prince Ribbit
  2996 | D:5      | Killed Prince Ribbit
  3214 | D:5      | Noticed Blork the orc
  3214 | D:5      | Noticed Eustachio
  3233 | D:5      | Killed Blork the orc
  3234 | D:5      | Reached XP level 8. HP: 44/51 MP: 8/8
  3248 | D:5      | Killed Eustachio
  3390 | D:5      | Reached skill level 5 in Maces & Flails
  3748 | D:6      | Noticed Menkaure
  3770 | D:6      | Killed Menkaure
  4100 | D:6      | Found an opulent altar of Gozag.
  4108 | D:6      | Became a worshipper of Gozag Ym Sagoz the Greedy
  4220 | D:6      | Reached XP level 9. HP: 49/56 MP: 9/9
  4503 | D:7      | Noticed Maggie
  4511 | D:6      | Killed Maggie
  4588 | D:7      | Found a staircase to the Ecumenical Temple.
  4597 | Temple   | Entered the Ecumenical Temple
  5569 | D:8      | Found Zevokkot's Jewellery Boutique.
  5590 | D:8      | Found a hide-covered altar of Uskayaw.
  5664 | D:8      | Noticed a hornet
  5675 | D:8      | Killed a hornet
  5676 | D:8      | Reached XP level 10. HP: 43/64 MP: 10/10
  6092 | D:8      | Noticed a two-headed ogre
  6116 | D:8      | Killed a two-headed ogre
  6584 | D:9      | Identified the +2 falchion "Juneilu" {flame, Will- Str+3
                  | SInv}
  6585 | D:9      | Found a staircase to the Lair.
  6779 | D:9      | Found a staircase to the Orcish Mines.
  7071 | D:9      | Reached XP level 11. HP: 43/72 MP: 11/11
  7325 | D:10     | Entered Level 10 of the Dungeon
  7367 | D:10     | Noticed a two-headed ogre
  7377 | D:10     | Killed a two-headed ogre
  7386 | D:10     | Noticed a two-headed ogre
  7387 | D:10     | Noticed a two-headed ogre
  7401 | D:10     | Slain by a two-headed ogre

Illustrated notes

Levels and vault maps discovered:
D:1:      mainiacjoe_arrival_reflecting_pool, layout_rooms,
          grunt_decor_arrowhead, dk_noncrumbling_4, minmay_octomino_j4
D:2:      layout_loops_ring, uniq_terence
D:3:      layout_loops_ring, evilmike_ruin_ashenzari, xom_redecorated,
          mainiacjoe_overflow_two_lobes, hellmonk_ecumenical_altar_arch_garden,
          roderic_serpentine_path, chequers_serial_rivers_micro_a
D:4:      layout_cave_pools, uniq_robin
D:5:      layout_rooms, nicolae_nh_ransacked_shop, uniq_blork_the_orc,
          uniq_prince_ribbit1, uniq_eustachio
D:6:      layout_basic, mainiacjoe_overflow_six_doors_small,
          minmay_misc_feat_four_crosses, kennysheep_generic_room_2,
          uniq_menkaure
D:7:      dreamdust_elfheim, layout_cave_pods, minmay_temple_entry_mini_moons,
          hangedman_decor_clover_reticule, kennysheep_another_room,
          chequers_avenue, uniq_maggie
D:8:      layout_gridville, lemuel_tele_altar, serial_shops,
          nicolae_shop_crystal, minivault_5
D:9:      layout_basic, dpeg_oklobed_lair, minmay_orc_entry_guard_dogs
D:10:     layout_gridville, fiery_altar_vehumet, lemuel_blue_sif_altar,
          roderic_roman_lattice
Temple:   nicolae_temple_bog_church

Skill      XL: |  1  2  3  4  5  6  7  8  9 10 |
---------------+-------------------------------+-----
Fighting       | 4 5 6 8 9 |  9.9
Armour         | 4 5 6 8 9 |  9.8
Shields        | 4 5 6 8 9 |  9.8
Maces & Flails | 3 4 5 7 8 |  8.7

Action                     |  1- 3 |  4- 6 |  7- 9 | 10-12 || total
---------------------------+-------+-------+-------+-------++-------
  Melee: Flail             |    89 |   151 |   209 |   170 ||   619
  Throw: Dart              |       |       |       |     1 ||     1
    Use: Scroll            |       |     8 |    12 |     2 ||    22
   Stab: Distracted        |       |       |       |     1 ||     1
 Armour: Scale mail        |    83 |    25 |       |       ||   108
         Chain mail        |       |   130 |   227 |   154 ||   511
  Dodge: Dodged            |    51 |    88 |    99 |    58 ||   296
  Block: Buckler           |    24 |    44 |    92 |   134 ||   294
         Reflection        |       |       |       |     9 ||     9

Table legend: (Time is in decaauts)
 A = Elapsed time spent in this place.
 B = Non-inter-level travel time spent in this place.
 C = Inter-level travel time spent in this place.
 D = Time resting spent in this place.
 E = Time spent auto-exploring this place.
 F = Levels seen in this place.
 G = Mean time per level.
                   A        B        C        D        E       F      G
               +--------+--------+--------+--------+--------+-----+--------+
         Total |   7601 |   7319 |    282 |    736 |   4883 |  11 |  691.0 |
       Dungeon |   7554 |   7272 |    282 |    718 |   4883 |  10 |  755.4 |
        Temple |     46 |     46 |      0 |     18 |      0 |   1 |   46.0 |
               +--------+--------+--------+--------+--------+-----+--------+

Top non-repeatable levels by time:
     D:7: 1005 daAuts
     D:6: 935 daAuts
     D:8: 923 daAuts
     D:2: 885 daAuts
     D:9: 874 daAuts
     D:5: 777 daAuts
     D:3: 745 daAuts
     D:1: 713 daAuts
     D:4: 635 daAuts
    D:10: 57 daAuts
  Temple: 46 daAuts
